 Dungeon Crawl Stone Soup version 0.29-a0-813-g4a14ea37d6 (webtiles) character file.

Game seed: 16046275581528860580

30 polve the Chopper (level 3, 0/27 HPs)
             Began as a Demonspawn Gladiator on July 4, 2022.
             Slain by a giant cockroach (2 damage)
             ... on level 1 of the Dungeon.
             The game lasted 00:00:43 (1526 turns).

polve the Chopper (Demonspawn Gladiator)            Turns: 1526, Time: 00:00:43

Health: 0/27       AC:  4    Str: 16    XL:     3   Next: 3%
Magic:  3/3        EV: 12    Int:  9    God:
Gold:   46         SH:  4    Dex: 14    Spells: 2/2 levels left

rFire   . . .      SeeInvis .   a - +0 war axe
rCold   . . .      Faith    .   (no shield)
rNeg    . . .      Spirit   .   b - +0 leather armour
rPois   .          Reflect  .   c - +0 helmet
rElec   .          Harm     .   (no cloak)
rCorr   .          Rampage  .   (no gloves)
Will    .....                   (no boots)
Stlth   +.........              (no amulet)
HPRegen 0.09/turn               (no ring)
MPRegen 0.08/turn               (no ring)

@: no status effects
A: hooves 1, condensation shield
a: no special abilities


You were on level 1 of the Dungeon.
You visited 1 branch of the dungeon, and saw 1 of its levels.

You collected 46 gold pieces.

Inventory:

Hand Weapons
 a - a +0 war axe (weapon)
Missiles
 d - 3 throwing nets (quivered)
 e - a javelin
Armour
 b - a +0 leather armour (worn)
 c - a +0 helmet (worn)
Jewellery
 k - an amulet of regeneration
Scrolls
 h - 2 scrolls of amnesia {unknown}
 l - a scroll of identify {unknown}
 m - a scroll of magic mapping {unknown}
 n - a scroll of summoning {unknown}
Potions
 f - 2 potions of curing {unknown}
 g - a potion of flight {unknown}
 i - a potion of attraction {unknown}
 j - a potion of magic {unknown}


   Skills:
 - Level 2.0 Fighting
 + Level 3.8 Axes
 - Level 1.7 Throwing
 - Level 2.6 Dodging


You had 2 spell levels left.
You didn't know any spells.
Your spell library contained the following spells:

 Spells                   Type           Power      Damage    Failure   Level
 Slow                     Hex            0%         N/A       45%         1
 Confusing Touch          Hex            0%         N/A       83%         3
 Vampiric Draining        Necr           0%         2d6       83%         3


Dungeon Overview and Level Annotations

Branches:
Dungeon (1/15)

Altars:


Innate Abilities, Weirdness & Mutations

You have large cloven feet.
A meltable shield of frost defends you. (SH +4)


Message History

* * * LOW HITPOINT WARNING * * *
The giant cockroach bites you.
* * * LOW HITPOINT WARNING * * *
The giant cockroach closely misses you. The giant cockroach closely misses you.
The giant cockroach bites you but does no damage.
The giant cockroach bites you but does no damage.
The giant cockroach bites you.
* * * LOW HITPOINT WARNING * * *
The giant cockroach bites you but does no damage.
The giant cockroach misses you.
The giant cockroach bites you but does no damage. x2
The giant cockroach bites you but does no damage.
You block the giant cockroach's attack. You block the giant cockroach's attack.
The giant cockroach misses you.
The giant cockroach bites you but does no damage.
The giant cockroach misses you. The giant cockroach closely misses you.
The giant cockroach barely misses you. The giant cockroach barely misses you.
The giant cockroach bites you.
* * * LOW HITPOINT WARNING * * *
The giant cockroach barely misses you. You block the giant cockroach's attack.
The giant cockroach bites you but does no damage.
The giant cockroach bites you but does no damage.
The giant cockroach closely misses you.
The giant cockroach bites you but does no damage.
The giant cockroach barely misses you. You block the giant cockroach's attack.
The giant cockroach closely misses you.
The giant cockroach bites you but does no damage.
The giant cockroach misses you. The giant cockroach misses you.
You block the giant cockroach's attack. The giant cockroach closely misses you.
The giant cockroach misses you. The giant cockroach misses you.
The giant cockroach bites you but does no damage.
The giant cockroach closely misses you. The giant cockroach bites you.
You die...

##########.##### ######..####
.........#...>.# ####.....###
######.#.#.###.# #....#.#...#
#.#.#)# #.# #........#.#
#.#.#.###.#######.##.#.#...#
#.#.#.#.(.........##.......#
#.#.#.###.#######.##....##.#
####.#.#.##.#B### #.##.##.##.#
###......#.#.###@.#####......##.#
....##(###....#.#.....#......##.#
######.......#.######.#......##.#
....##########.# #.#.......#.#
###.# #.######.#.......... ....#
#......#.#......#### #####
########.######### # #.........#
# #########.# #


You could see a giant cockroach.

Vanquished Creatures
  A dart slug (D:1)
  3 bats (D:1)
  An endoplasm (D:1)
  2 giant cockroaches (D:1)
  2 hobgoblins (D:1)
  3 jackals (D:1)
  A quokka (D:1)
  5 ball pythons (D:1)
  A frilled lizard (D:1)
  2 kobolds (D:1)
  4 rats (D:1)
25 creatures vanquished.

Notes
Turn   | Place    | Note
-------+----------+-------------------------------------------
     0 | D:1      | polve the Demonspawn Gladiator began the quest for the Orb.
     0 | D:1      | Reached XP level 1. HP: 16/16 MP: 1/1
     6 | D:1      | Noticed a killer bee
     6 | D:1      | Noticed a swamp worm
     6 | D:1      | Noticed a hog
     7 | D:1      | Noticed a black mamba
     7 | D:1      | Noticed an iguana
   271 | D:1      | Reached skill level 3 in Axes
   358 | D:1      | Gained mutation: A meltable shield of frost defends you.
                  | (SH +4) [demonic ancestry]
   358 | D:1      | Reached XP level 2. HP: 22/22 MP: 2/2
   523 | D:1      | Found a faded altar of an unknown god.
  1242 | D:1      | Discovered your monstrous ancestry.
  1242 | D:1      | Gained mutation: You have large cloven feet. [demonic
                  | ancestry]
  1242 | D:1      | Reached XP level 3. HP: 27/27 MP: 3/3
  1510 | D:1      | HP: 1/27 [giant cockroach (2)]
  1526 | D:1      | Slain by a giant cockroach

Illustrated notes

Levels and vault maps discovered:
D:1:      onia_arrival_zoo_common, layout_loops_ring, serial_co_window_serial,
          co_window_of_opportunity_a, co_window_paths_a, co_window_paths_b,
          co_window_paths_a, co_window_of_opportunity_a, co_window_paths_b,
          co_window_corner_a, co_window_corner_ca, co_window_broadway_b,
          co_window_broadway_a, co_window_broadway_a, glass_columns_a,
          glass_columns_c, glass_columns_a, glass_columns_a,
          hellmonk_ecumenical_altar_run_dry

Skill      XL: |  1 |
---------------+----+-----
Axes           | 3 |  3.8
Fighting       | |  2.0
Throwing       | |  1.7
Dodging        | |  2.6

Action                   || total
-------------------------++-------
Melee: War axe           ||    42
Armor: Leather armour    ||    47
Dodge: Dodged            ||   108
Block: Other             ||    34

Table legend: (Time is in decaauts)
 A = Elapsed time spent in this place.
 B = Non-inter-level travel time spent in this place.
 C = Inter-level travel time spent in this place.
 D = Time resting spent in this place.
 E = Time spent auto-exploring this place.
 F = Levels seen in this place.
 G = Mean time per level.
                   A        B        C        D        E       F      G
               +--------+--------+--------+--------+--------+-----+--------+
         Total |   1540 |   1478 |     62 |      0 |   1191 |   1 | 1540.0 |
       Dungeon |   1540 |   1478 |     62 |      0 |   1191 |   1 | 1540.0 |
               +--------+--------+--------+--------+--------+-----+--------+

Top non-repeatable levels by time:
     D:1: 1540 daAuts
